 Dungeon Crawl Stone Soup version 0.28.0 (webtiles) character file.

Game seed: 3968959099305934341

9 SnakkuSnakku7 the Sneak (level 2, -3/27 HPs)
             Began as a Hill Orc Delver on Feb 6, 2022.
             Slain by a white imp (5 damage)
             ... on level 5 of the Dungeon.
             The game lasted 00:00:42 (168 turns).

SnakkuSnakku7 the Sneak (Hill Orc Delver)            Turns: 168, Time: 00:00:43

Health: -3/27      AC:  3    Str: 14    XL:     2   Next: 12%
Magic:  2/2        EV: 11    Int: 10    God:
Gold:   0          SH:  0    Dex: 12    Spells: 1/1 levels left

rFire   . . .      SeeInvis .   a - +0 hand axe
rCold   . . .      Faith    .   (no shield)
rNeg    . . .      Spirit   .   b - +0 leather armour
rPois   .          Reflect  .   (no helmet)
rElec   .          Harm     .   (no cloak)
rCorr   .          Rampage  .   (no gloves)
Will    .....                   (no boots)
Stlth   ++........              (no amulet)
HPRegen 0.09/turn               (no ring)
MPRegen 0.08/turn               (no ring)

@: no status effects
A: no striking features
a: no special abilities


You were on level 5 of the Dungeon.
You visited 1 branch of the dungeon, and saw 1 of its levels.

Inventory:

Hand Weapons
 a - a +0 hand axe (weapon)
Armour
 b - a +0 leather armour (worn)
Wands
 g - a wand of digging (3)
Scrolls
 c - a scroll of fog
 d - a scroll of magic mapping
 e - a scroll of fear
Potions
 f - a potion of haste


   Skills:
 + Level 4.0 Fighting
 + Level 3.2 Axes
 - Level 1.5 Dodging
 - Level 4.1 Stealth


You had one spell level left.
You didn't know any spells.
Your spell library contained the following spells:

 Spells                   Type           Power      Damage    Failure   Level
 Magic Dart               Conj           0%         1d3       43%         1
 Searing Ray              Conj           0%         2d4       58%         2
 Fulminant Prism          Conj/Hex       0%         3d6       99%         4


Dungeon Overview and Level Annotations

Branches:
Dungeon (5/15)
 Temple: D:4-7

Altars:


Message History

Your Fighting skill increases to level 4!
Your Axes skill increases to level 3!
You have reached level 2!
You pick up a book of Conjurations and begin reading...
You add the spells Magic Dart, Searing Ray and Fulminant Prism to your library.
You feel sick.
You start resting.
You feel sick. x2
You are no longer poisoned.
You start resting.
You see here 4 large rocks.
A white imp comes into view.
Found a hunting sling and a scroll labelled SARPHA XUEF.
The white imp shouts, "Capitulate, thou weedy sow-suckled barnacle!"
The white imp gestures at you. The puff of frost hits you.
You hit the white imp but do no damage. The white imp hits you.
The white imp freezes you.
You closely miss the white imp. The white imp barely misses you.
You barely miss the white imp. The white imp hits you.
The white imp freezes you.
* * * LOW HITPOINT WARNING * * *
You hit the white imp.
The white imp is heavily wounded.
The white imp closely misses you.
You hit the white imp.
The white imp is heavily wounded.
The white imp hits you.
* * * LOW HITPOINT WARNING * * *
The white imp freezes you.
* * * LOW HITPOINT WARNING * * *
You closely miss the white imp.
The white imp is heavily wounded.
The white imp hits you but does no damage.
Unknown command.
You hit the white imp but do no damage.
The white imp is heavily wounded.
The white imp misses you. The white imp hits you.
* * * LOW HITPOINT WARNING * * *
The white imp freezes you.
You die...

... ##### #.. .....###..
.....##. ....##.
##################..##.
...................##.
.#..#..#..#..#..#.......
......5@....(.......####
.#).#..#..#..#..#...#
.?................#
####################


You could see a white imp.

Vanquished Creatures
  An adder (D:5)
1 creature vanquished.

Notes
Turn   | Place    | Note
-------+----------+-------------------------------------------
     0 | D:5      | SnakkuSnakku7 the Hill Orc Delver began the quest for the
                  | Orb.
     0 | D:5      | Reached XP level 1. HP: 19/19 MP: 1/1
    17 | D:5      | Reached XP level 2. HP: 15/27 MP: 2/2
   168 | D:5      | Slain by a white imp

Illustrated notes

Levels and vault maps discovered:
D:5:      layout_basic, lemuel_mausoleum_altar_kikubaaqudgha,
          mainiacjoe_overflow_small_starburst, columned_hall_lemuel,
          uniq_eustachio

Skill      XL: |  1 |
---------------+----+-----
Fighting       | 4 |  4.0
Axes           | 3 |  3.2
Dodging        | |  1.5
Stealth        | |  4.1

Action                   || total
-------------------------++-------
Melee: Hand axe          ||    14
Armor: Leather armour    ||     3
Dodge: Dodged            ||    11
